 Dungeon Crawl Stone Soup version 0.27-a0-543-gd81048afd2 (webtiles) character file.

Game seed: 10083809524592832186

36 Kaidir the Digger (level 3, -1/19 HPs)
             Began as a Gargoyle Earth Elementalist on Mar 7, 2021.
             Slain by Robin
             ... wielding a +0 mace
              (6 damage)
             ... on level 1 of the Dungeon.
             The game lasted 00:01:56 (2009 turns).

Kaidir the Digger (Gargoyle Earth Elementalist)     Turns: 2009, Time: 00:01:57

Health: -1/19      AC:  5    Str: 11    XL:     3   Next: 37%
Magic:  5/7        EV: 11    Int: 16    God:
Gold:   67         SH:  0    Dex: 10    Spells: 3/7 levels left

rFire    . . .     SeeInvis .   d - +0 dagger
rCold    . . .     Faith    .   (no shield)
rNeg     + . .     Spirit   .   c - +0 robe
rPois    ∞         Reflect  .   (no helmet)
rElec    +         Harm     .   (no cloak)
rCorr    .         Rampage  .   (no gloves)
Will     +....                  (no boots)
Stlth    ++........             (no amulet)
HPRegen  0.06/turn              i - ring of willpower
MPRegen  0.10/turn              (no ring)

@: no status effects
A: negative energy resistance 1, electricity resistance, torment resistance 1,
unbreathing 1, petrification resistance, AC +3
a: no special abilities


You were on level 1 of the Dungeon.
You visited 1 branch of the dungeon, and saw 2 of its levels.

You collected 67 gold pieces.

Inventory:

Hand Weapons
 a - a +0 club
 d - a +0 dagger (weapon)
Missiles
 b - 26 stones
Armour
 c - a +0 robe (worn)
Jewellery
 i - a ring of willpower (left hand)
Scrolls
 e - 2 scrolls of noise {unknown}
 f - a scroll of identify {unknown}
 g - a scroll of enchant weapon {unknown}
Potions
 h - a potion of ambrosia {unknown}
 j - a potion of mutation {unknown}
 k - a potion of curing {unknown}


   Skills:
 - Level 1.5 Dodging
 - Level 2.1 Stealth
 + Level 2.7 Spellcasting
 + Level 0.5 Conjurations
 - Level 0.7 Transmutations
 + Level 4.4 Earth Magic


You had 3 spell levels left.
You knew the following spells:

 Your Spells              Type           Power      Damage    Failure   Level
a - Sandblast             Erth           32%        2d9       3%          1
b - Stone Arrow           Conj/Erth      20%        3d8       21%         3

Your spell library contained the following spells:

 Spells                   Type           Power      Damage    Failure   Level
 Passwall                 Tmut/Erth      8%         N/A       10%         2
 Petrify                  Tmut/Erth      10%        N/A       54%         4
 Lee's Rapid Deconstruct  Erth           8%         3d8*      65%         5


Dungeon Overview and Level Annotations

Branches:
Dungeon (2/15)

Altars:

Annotations:
D:1 Robin


Innate Abilities, Weirdness & Mutations

Your stone body is resilient. (AC +3)
You are immune to poison.
You resist negative energy. (rN+)
You are resistant to electric shocks. (rElec)
You are resistance to unholy torment.
You can survive without breathing.
You are immune to petrification.


Message History

The hobgoblin shouts!
You hit the dart slug.
You kill the dart slug!
Robin throws the goblin at you!
Unknown command.
You hit the goblin.
The goblin is moderately wounded.
The goblin barely misses you.
A goblin comes into view. It is wielding a +0 club. x2
The goblin hits you but does no damage.
You miss the goblin.
The goblin is moderately wounded.
The goblin hits you with a +0 club. The goblin hits you but does no damage.
A hobgoblin comes into view.
Unknown command.
Robin hits you with a +0 mace. The goblin hits you but does no damage.
The goblin closely misses you.
You climb upwards.
There is a stone staircase leading down here.
Unknown command.
Unknown command.
Casting: Sandblast (safe; 3% risk of failure)
Confirm with . or Enter, or press ? or * to list all spells.
Aiming: Sandblast (safe; 3% risk of failure)
Press: ? - help, Shift-Dir - straight line, f - goblin
Aim: a goblin, wielding a +0 club (moderately wounded, 26% to evade)
The blast of sand hits the goblin!
You kill the goblin!
Robin misses you. The goblin hits you.
Unknown command.
The goblin hits you.
* * * LOW HITPOINT WARNING * * *
Robin throws the goblin at you!
Things that are here:
a +0 club; a goblin corpse You closely miss the goblin.
The goblin barely misses you.
You barely miss the goblin. The goblin hits you but does no damage.
Robin says, "A pitiful Gargoyle like you will never find the ORB!"
Robin hits you with a +0 mace.
You die...

.........#.#..###+######.#####...
...............##.# #.#...#.##
............)#.##.#### #.#.#.#.#
.########............# #.#.#.#.#
.#....###...###.#.##.# #.#.#.#.#
......'............#.# #.#.#.#.#
##....####.####....#.# #.#.#.#.#
.#....####.#####...#.# #.#.#.#.#
.#....##.......g@g...# #.#.#.#.#
.#....##....############.#.#.#.#
.#....##...............#.....#.##
.#....##....##########..........#
.#....##....# #...........
.#....##....# #.##########
.#....####'## #.#
###.######.###########.#
##...#.................#


You could see Robin and a goblin.

Vanquished Creatures
  A worm (D:2)
  2 dart slugs (D:2)
  A giant cockroach (D:1)
  4 goblins
  4 hobgoblins (D:1)
  7 jackals
  4 kobolds (D:1)
  A rat (D:1)
24 creatures vanquished.

Notes
Turn   | Place    | Note
-------+----------+-------------------------------------------
     0 | D:1      | Kaidir the Gargoyle Earth Elementalist began the quest for
                  | the Orb.
     0 | D:1      | Reached XP level 1. HP: 10/10 MP: 3/3
   579 | D:1      | Reached skill level 4 in Earth Magic
   579 | D:1      | Reached XP level 2. HP: 15/15 MP: 3/5
  1612 | D:2      | Reached XP level 3. HP: 19/19 MP: 1/6
  1616 | D:2      | Learned a level 3 spell: Stone Arrow
  1988 | D:2      | Noticed Robin
  2009 | D:1      | Slain by Robin

Illustrated notes

Levels and vault maps discovered:
D:1:      evilmike_arrival_rings, layout_basic, minmay_misc_feat_tower,
          minmay_crystal_room, minmay_misc_feat_five, roderic_malta_cross
D:2:      layout_basic, marbit_many_paths, uniq_robin

Skill      XL: |  1 |
---------------+----+-----
Earth Magic    | 4 |  4.4
Dodging        | |  1.5
Stealth        | |  2.1
Spellcasting   | |  2.7
Conjurations   | |  0.5
Transmutations | |  0.7

Action                   || total
-------------------------++-------
Melee: Club              ||    10
       Unarmed           ||     7
       Dagger            ||    75
 Cast: Sandblast         ||    20
Armor: Robe              ||    39
Dodge: Dodged            ||    61

Table legend: (Time is in decaauts)
 A = Elapsed time spent in this place.
 B = Non-inter-level travel time spent in this place.
 C = Inter-level travel time spent in this place.
 D = Time resting spent in this place.
 E = Time spent auto-exploring this place.
 F = Levels seen in this place.
 G = Mean time per level.
                   A        B        C        D        E       F      G
               +--------+--------+--------+--------+--------+-----+--------+
         Total |   2010 |   1991 |     19 |      0 |   1748 |   2 | 1005.0 |
       Dungeon |   2010 |   1991 |     19 |      0 |   1748 |   2 | 1005.0 |
               +--------+--------+--------+--------+--------+-----+--------+

Top non-repeatable levels by time:
     D:1: 1613 daAuts
     D:2: 397 daAuts
